 Dungeon Sprint DCSS version 0.28-a0-872-g80cf8599ee (webtiles) character file.

Game seed: 8645169371563881783

2482 tatocazan the Protected (level 9, -3/93 HPs)
             Began as a Minotaur Fighter on Nov 20, 2021.
             Was a Priest of Okawaru.
             Slain by a death knight (14 damage)
             ... in the Dungeon (Sprint IX: "|||||||||||||||||||||||||||||").
             The game lasted 00:01:29 (421 turns).

tatocazan the Protected (Minotaur Fighter)           Turns: 421, Time: 00:01:30

Health: -3/93      AC: 17    Str: 28    XL:     9   Next: 27%
Magic:  8/8        EV:  9    Int:  8    God:    Okawaru [***...]
Gold:   0          SH:  7    Dex:  9    Spells: 8/8 levels left

rFire   . . .      SeeInvis .   m - +2 scimitar (holy)
rCold   . . .      Faith    .   c - +0 buckler
rNeg    . . .      Spirit   .   p - +1 chain mail
rPois   .          Reflect  .   (helmet restricted)
rElec   .          Harm     .   o - +0 cloak
rCorr   .          Rampage  .   n - +0 pair of gloves
Will    .....      NoTele   +   (no boots)
Stlth   ..........              (no amulet)
HPRegen 0.25/turn               r - +3 ring of strength
MPRegen 0.11/turn               q - +3 ring of intelligence

@: on berserk cooldown, slowed, very slow
A: horns 2, retaliatory headbutt
a: Renounce Religion, Heroism


You were in the Dungeon.
You worshipped Okawaru.
Okawaru was most pleased with you.
You visited 1 branch

Inventory:

Hand Weapons
 a - a +0 long sword
 m - a +2 scimitar of holy wrath (weapon)
Armour
 b - a +0 scale mail
 c - a +0 buckler (worn)
 n - a +0 pair of gloves (worn)
 o - a +0 cloak (worn)
 p - a +1 chain mail (worn)
Jewellery
 q - a +3 ring of intelligence (right hand)
 r - a +3 ring of strength (left hand)
Wands
 l - a wand of iceblast (10)
Scrolls
 j - 2 scrolls of blinking
 k - 2 scrolls of amnesia
Potions
 d - a potion of invisibility
 e - 4 potions of curing
 f - a potion of heal wounds
 g - a potion of haste
 h - 4 potions of magic


   Skills:
 + Level 13.2 Fighting
 + Level 13.0 Long Blades
 + Level 13.2 Armour
 + Level 13.2 Shields


You had 8 spell levels left.
You didn't know any spells.
Your spell library was empty.

Dungeon Overview and Level Annotations

Branches:
Dungeon (1/1)

Altars:
Cheibriados
Dithmenos
Elyvilon
Fedhas
Gozag
Hepliaklqana
Kikubaaqudgha
Makhleb
Nemelex Xobeh
Okawaru
Qazlal
Ru
Sif Muna
Trog
Uskayaw
Vehumet
Wu Jian
Xom
Yredelemnul
Zin
The Shining One
Beogh
Jiyva
Lugonu


Innate Abilities, Weirdness & Mutations

You have a pair of horns on your head.
You reflexively headbutt those who attack you in melee.


Message History

You are no longer berserk.
You are exhausted.
You feel yourself slow down.
The death knight hits you but does no damage.
You now have 62/92 hp.
You slash the cyclops!
You kill the cyclops!
Okawaru is honoured by your kill.
The death knight mumbles some strange prayers to Yredelemnul against you.
Your body is wracked with pain!
Your Fighting skill increases to level 13!
Your Long Blades skill increases to level 13!
Your Armour skill increases to level 13!
Your Shields skill increases to level 13!
You take 29 damage, and have 33/93 hp.
MASSIVE DAMAGE!!
The death knight hits you with a +0 halberd.
You see here 6 large rocks.
You take 1 damage, and have 32/93 hp.
You closely miss the death knight. You headbutt the death knight!
The death knight is lightly wounded.
The death knight hits you with a +0 halberd.
* * * LOW HITPOINT WARNING * * *
You take 5 damage, and have 27/93 hp.
You slash the death knight!
The death knight is moderately wounded.
The death knight hits you with a +0 halberd!
* * * LOW HITPOINT WARNING * * *
You take 9 damage, and have 18/93 hp.
You slash the death knight!
The death knight is moderately wounded.
The death knight calls down the wrath of Yredelemnul upon you.
You barely resist.
The death knight calls down the wrath of Yredelemnul upon you.
Your body is wracked with pain!
* * * LOW HITPOINT WARNING * * *
You take 7 damage, and have 11/93 hp.
You completely miss the death knight.
The death knight is moderately wounded.
The death knight hits you with a +0 halberd!
You die... ▓▓▓▓▓▓▓▓▓▓▓▓▓▓▓▓▓▓▓▓▓ ......)......†))@pT.+ ▓▓▓▓▓▓▓▓▓▓▓▓▓▓▓▓▓▓▓▓▓

You could see a death knight and a troll.

Vanquished Creatures
  A centaur warrior (D)
  An ugly thing (D)
  A cyclops (D)
  A gargoyle (D)
  A troll (D)
  A shadow (D)
  An acid dragon (D)
  An orc warrior (D)
  An ice beast (D)
  A centaur (D)
  A killer bee (D)
  A hound (D)
  An adder (D)
  A ball python (D)
  2 hobgoblins (D)
  A ball python zombie (D)
  A frilled lizard (D)
  A rat (D)
19 creatures vanquished.

Vanquished Creatures (others)
  An orc wizard (D)
1 creature vanquished.

Grand Total: 20 creatures vanquished

Notes
Turn   | Place    | Note
-------+----------+-------------------------------------------
     0 | D        | tatocazan the Minotaur Fighter began the quest for the Orb.
     0 | D        | Reached XP level 1. HP: 19/19 MP: 0/0
    71 | D        | Noticed an ice beast
    71 | D        | Noticed a hound
    71 | D        | Noticed a centaur
    74 | D        | Killed an ice beast
    75 | D        | Reached skill level 5 in Long Blades
    75 | D        | Reached XP level 2. HP: 31/31 MP: 1/1
    75 | D        | Reached XP level 3. HP: 38/38 MP: 2/2
    75 | D        | Reached XP level 4. HP: 45/45 MP: 3/3
    82 | D        | Killed a centaur
    83 | D        | Reached XP level 5. HP: 39/53 MP: 4/4
    89 | D        | Found a snail-covered altar of Cheibriados.
    89 | D        | Found a shadowy altar of Dithmenos.
    89 | D        | Found a white marble altar of Elyvilon.
    89 | D        | Found a blossoming altar of Fedhas.
    89 | D        | Found an opulent altar of Gozag.
    90 | D        | Found a hazy altar of Hepliaklqana.
    91 | D        | Found a viscous altar of Jiyva.
    92 | D        | Found an ancient bone altar of Kikubaaqudgha.
    93 | D        | Found a corrupted altar of Lugonu.
    94 | D        | Found a burning altar of Makhleb.
    95 | D        | Found a sparkling altar of Nemelex Xobeh.
    96 | D        | Found an iron altar of Okawaru.
    97 | D        | Found a stormy altar of Qazlal.
    98 | D        | Found a sacrificial altar of Ru.
    99 | D        | Found a shimmering blue altar of Sif Muna.
   100 | D        | Found a bloodstained altar of Trog.
   101 | D        | Found a hide-covered altar of Uskayaw.
   102 | D        | Found a radiant altar of Vehumet.
   103 | D        | Found an ornate altar of the Wu Jian Council.
   104 | D        | Became a worshipper of Warmaster Okawaru
   105 | D        | Found a shimmering altar of Xom.
   106 | D        | Found a basalt altar of Yredelemnul.
   107 | D        | Found a glowing silver altar of Zin.
   108 | D        | Found a glowing golden altar of the Shining One.
   166 | D        | Noticed a troll
   166 | D        | Noticed an orc warrior
   166 | D        | Noticed an acid dragon
   166 | D        | Noticed a shadow
   175 | D        | Killed a troll
   175 | D        | Reached * piety under Okawaru
   176 | D        | Reached XP level 6. HP: 35/64 MP: 5/5
   180 | D        | Killed an orc warrior
   181 | D        | Reached skill level 10 in Fighting
   181 | D        | Reached XP level 7. HP: 32/72 MP: 6/6
   197 | D        | Reached ** piety under Okawaru
   198 | D        | Reached skill level 10 in Long Blades
   198 | D        | Reached skill level 10 in Armour
   198 | D        | Reached skill level 10 in Shields
   203 | D        | Killed a shadow
   395 | D        | Noticed a purple ugly thing
   395 | D        | Noticed a centaur warrior
   395 | D        | Noticed a gargoyle
   395 | D        | Noticed a cyclops
   395 | D        | Noticed a death knight
   395 | D        | Noticed a troll
   402 | D        | Killed a purple ugly thing
   403 | D        | Reached XP level 8. HP: 82/82 MP: 7/7
   406 | D        | Killed a centaur warrior
   406 | D        | Reached *** piety under Okawaru
   412 | D        | Killed a gargoyle
   413 | D        | Reached XP level 9. HP: 92/92 MP: 8/8
   416 | D        | Killed a cyclops
   421 | D        | Slain by a death knight

Illustrated notes

Levels and vault maps discovered:
D:        linesprint [early_d, line_temple, items_1, d_10, items_2, lair_1,
          lair_end, items_3, orc_1, orc_end, items_4, d_15, swamp_1, shoals_1,
          snake_1, spider_1, d_20, vaults_1, items_5, swamp_end, shoals_end,
          snake_end, spider_end, vaults_end, d_27, items_6, zot_1, zot_end,
          crypt_end, forest_end, elf_end, slime_end, tomb_end, abyss_end,
          pan_hell_end]

Skill      XL: |  1  2  3  4  5  6  7  8  9 |
---------------+----------------------------+-----
Fighting       | 6 7 9 10 11 12 13 | 13.2
Long Blades    | 5 7 9 11 12 13 | 13.0
Armour         | 6 7 9 11 12 13 | 13.2
Shields        | 6 7 9 11 12 13 | 13.2

Action                   |  1- 3 |  4- 6 |  7- 9 || total
-------------------------+-------+-------+-------++-------
Melee: Long sword        |     9 |     8 |       ||    17
       Headbutt          |       |     4 |     7 ||    11
       Scimitar          |       |    14 |    40 ||    54
  Use: Potion            |     1 |       |     4 ||     5
Armor: Scale mail        |     2 |     2 |       ||     4
       Chain mail        |       |     9 |    12 ||    21
Dodge: Dodged            |     4 |     8 |     7 ||    19
Block: Buckler           |       |     2 |    12 ||    14

Table legend: (Time is in decaauts)
 A = Elapsed time spent in this place.
 B = Non-inter-level travel time spent in this place.
 C = Inter-level travel time spent in this place.
 D = Time resting spent in this place.
 E = Time spent auto-exploring this place.
 F = Levels seen in this place.
 G = Mean time per level.
                   A        B        C        D        E       F      G
               +--------+--------+--------+--------+--------+-----+--------+
         Total |    414 |    414 |      0 |    186 |     62 |   1 |  414.0 |
       Dungeon |    414 |    414 |      0 |    186 |     62 |   1 |  414.0 |
               +--------+--------+--------+--------+--------+-----+--------+

Top non-repeatable levels by time:
       D: 414 daAuts
